 Dungeon Crawl Stone Soup version 0.31-a0-210-gccc998df9b (webtiles) character file.

Game seed: 16785577623638705089

679 kae the Changer (level 7, -2/48 HPs)
             Began as a Demonspawn Transmuter on June 29, 2023.
             Splashed by a jelly's acid (6 damage)
             ... on level 4 of the Dungeon.
             The game lasted 00:05:16 (4221 turns).

kae the Changer (Demonspawn Transmuter)             Turns: 4221, Time: 00:05:17

Health: -2/48      AC: -5    Str: 10    XL:     7   Next: 34%
Magic:  7/12       EV: 12    Int: 16    God:
Gold:   135        SH:  5    Dex: 14    Spells: 3/13 levels left

rFire   . .          .
                       - Unarmed
rCold   . . .        (no shield)
rNeg    . . .        a - +1 robe
rPois   .            (no helmet)
rElec   .            (no cloak)
rCorr   .            (no gloves)
SInv    .            (no boots)
Will    .....        m - amulet of reflection
Stlth   +            L - ring of flight
HPRegen 0.28/turn    (no ring)
MPRegen 0.13/turn

%: reflection
@: corroded, flying
A: demonic guardian 1, demonic magic 1, weakness stinger 1
a: no special abilities


You were on level 4 of the Dungeon.
You visited 1 branch of the dungeon, and saw 4 of its levels.
You also visited: Sewer.

You collected 255 gold pieces.
You spent 120 gold pieces at shops.


Innate Abilities, Weirdness & Mutations

A weak demonic guardian rushes to your aid.
Spells you cast may paralyse adjacent enemies.
You have a small tail.


   Skills:
 - Level 1.0 Fighting
 - Level 1.7 Dodging
 + Level 4.2 Unarmed Combat
 + Level 3.9 Spellcasting
 * Level 5.0 Transmutations
 + Level 1.6 Ice Magic
 - Level 2.0 Poison Magic


You had 3 spell levels left.
You knew the following spells:

 Your Spells              Type           Power      Damage    Failure   Level
a - Beastly Appendage     Tmut           38%        N/A       2%          1
b - Wereblood             Tmut           19%        N/A       3%          2
c - Spider Form           Tmut/Pois      14%        N/A       12%         3
d - Ice Form              Ice/Tmut       13%        N/A       41%         4

Your spell library contained the following spells:

 Spells                   Type           Power      Damage    Failure   Level
 Sting                    Tmut/Pois      56%        1d5       4%          1
 Slow                     Hex            12%        N/A       17%         1
 Poisonous Vapours        Pois/Air       12%        N/A       17%         2
 Confusing Touch          Hex            3%         N/A       45%         3
 Vampiric Draining        Necr           3%         2d6       45%         3
 Vhi's Electric Charge    Tloc/Air       6%         N/A       45%         3
 Olgreb's Toxic Radiance  Pois           9%         N/A       58%         4
 Arcjolt                  Conj/Air       1%         1d11      99%         5
 Plasma Beam              Fire/Air       1%         2x1d11    100%        6

Inventory:

Missiles
 c - 79 stones
Armour
 a - a +1 robe (worn)
Jewellery
 m - an amulet of reflection (around neck)
   (You found it on level 3 of the Dungeon)
 L - a ring of flight (left hand)
   (You found it on level 3 of the Dungeon)
 T - an amulet of faith {!P}
   (You found it on level 4 of the Dungeon)
Scrolls
 j - 2 scrolls of blinking {!r}
 n - 3 scrolls of teleportation {@r4}
 o - a scroll of immolation {unknown}
Potions
 b - 4 potions of enlightenment
 d - 4 potions of haste {@q3}
 e - 4 potions of degeneration {!q}
 f - 2 potions of mutation {unknown}
 g - a potion of ambrosia {unknown}
 h - 2 potions of magic
 i - a potion of resistance
 k - a potion of lignification {!q}
 l - a potion of invisibility
 p - a potion of heal wounds {@q2}

Dungeon Overview and Level Annotations

Branches:
Dungeon (4/15) Zot: 20274   Sewer (visited)
 Temple: D:4-7

Altars:

Shops:
D:2

=![ # ###.# ....#.
######## ...... #......#
....#.# #.####.#
.#.....##.####.# ####
...............# #...
#....J@#.##..## ####.##
......5.......# #....#
.###########..####....##
...................
###......####....#.
######## ####.#. #.#.
#.#. #.#.


You could see a jelly (very poisoned, ally target) and a friendly quasit
(summoned).


Message History

The iguana hisses menacingly.
You block the iguana's attack.
You hit the iguana but do no damage.
The iguana is poisoned.
Your transformation is almost over.
The iguana bites you but does no damage.
An iguana is nearby!
You hit the iguana but do no damage. The iguana misses you.
You hit the iguana. The iguana misses you. 😎 MP[+1]
An iguana is nearby!
You hit the iguana.
The iguana looks even sicker.
You block the iguana's attack.
You hit the iguana but do no damage.
The iguana looks as sick as possible!
You block the iguana's attack.
An iguana is nearby!
You barely miss the iguana.
You kill the iguana!
Your Transmutations skill increases to level 5!
No target in view!
Unknown command.
Your transformation has ended.
Your +1 robe unmelds from your body.
o - a scroll labelled ZEERI ZUZXIR
Found a stone staircase leading down. 😎 MP[+2]
Your mp is fully restored (12).
T - an amulet of faith {!P} A jelly comes into view.
A jelly is nearby!
A jelly is nearby!
A jelly is nearby!
The jelly quivers.
Casting: Spider Form (dangerous; 12% risk of failure)
Confirm with . or Enter, or press ? or * to list all spells.
You miscast Spider Form.
You are very lightly contaminated with residual magic.
Nothing appears to happen. 😎 MP[-3]
You lost 3 mp, and now have 9/12 mp.
Casting: Spider Form (dangerous; 12% risk of failure)
Confirm with . or Enter, or press ? or * to list all spells.
You turn into a venomous arachnid creature.
Your +1 robe melds into your body.
Malevolent energies surge around you. 😎 MP[-3]
You lost 3 mp, and now have 6/12 mp.
The jelly closely misses you.
You hit the jelly.
Your front pincers burn!
The jelly misses you.
You bite the jelly! The acid corrodes you!
Your front pincers burn!
The jelly hits you.
You are splashed with acid. 😮 HP[-13]
You take 13 damage, and now have 35/48 hp.
MASSIVE DAMAGE!! (PAUSE)
You hit the jelly but do no damage.
The jelly is poisoned.
Your front pincers burn!
The jelly barely misses you.
You are too injured to fight recklessly! 😮 HP[-3]
You take 3 damage, and now have 32/48 hp.
You are too injured to fight recklessly!
You are too injured to fight recklessly!
You hit the jelly but do no damage.
Your front pincers burn!
The jelly misses you. 😮 HP[-3]
You take 3 damage, and now have 29/48 hp.
Unknown command.
You hit the jelly.
The jelly looks as sick as possible!
Your front pincers burn! 😮 HP[-3] MP[+1]
You take 3 damage, and now have 26/48 hp.
Unknown command.
You bite the jelly!
Your front pincers burn!
* * * LOW HITPOINT WARNING * * *
The jelly misses you.
Your magical contamination has completely faded away. 😮 HP[-1]
You take 1 damage, and now have 25/48 hp.
You hit the jelly.
Your front pincers burn!
* * * LOW HITPOINT WARNING * * *
The jelly completely misses you. 😨 HP[-3]
You take 3 damage, and now have 22/48 hp.
You bite the jelly! The acid corrodes you!
Your front pincers burn!
* * * LOW HITPOINT WARNING * * *
Your transformation has ended.
Your +1 robe unmelds from your body.
The jelly barely misses you. 😨 HP[-2]
You take 2 damage, and now have 20/48 hp.
You hit the jelly but do no damage.
Your hands burn!
* * * LOW HITPOINT WARNING * * *
The jelly hits you.
* * * LOW HITPOINT WARNING * * *
You are splashed with acid!
* * * LOW HITPOINT WARNING * * *
A demonic guardian appears!
You hit the jelly but do no damage. The acid corrodes you!
Your hands burn!
* * * LOW HITPOINT WARNING * * *
You tail-slap the jelly, but do no damage.
The jelly hits you.
* * * LOW HITPOINT WARNING * * *
You are splashed with acid.
You die...

Skill      XL: |  1  2  3  4  5  6  7 |
---------------+----------------------+-----
Transmutations | 2 3 4 5 |  5.0
Unarmed Combat | 3 4 |  4.2
Poison Magic   | 1 2 |  2.0
Spellcasting   | 3 |  3.9
Ice Magic      | 1 |  1.6
Fighting       | |  1.0
Dodging        | |  1.7

Action                     |  1- 3 |  4- 6 |  7- 9 || total
---------------------------+-------+-------+-------++-------
  Melee: Unarmed           |    81 |   225 |    34 ||   340
         Kick              |    17 |    35 |       ||    52
         Tailslap          |    16 |    10 |     1 ||    27
         Headbutt          |     4 |     8 |       ||    12
   Cast: Beastly Appendage |    24 |    33 |       ||    57
         Spider Form       |       |     8 |     4 ||    12
         Wereblood         |       |     4 |       ||     4
         Ice Form          |       |     2 |     1 ||     3
Ability: End Transformatio |       |       |     1 ||     1
    Use: Scroll            |     2 |    10 |       ||    12
         Potion            |     1 |     2 |       ||     3
   Stab: Sleeping          |     1 |     3 |     1 ||     5
         Paralysed         |       |    12 |       ||    12
 Armour: Robe              |     9 |    26 |       ||    35
         Skin              |     5 |    15 |     1 ||    21
  Dodge: Dodged            |    58 |   113 |    20 ||   191
  Block: Other             |       |    26 |     7 ||    33

Levels and vault maps discovered:
D:1:      minmay_arrival_shattered_statue, layout_basic, minmay_cut_off
D:2:      minmay_thinvault, layout_rooms, serial_shops, shop,
          nicolae_shop_pleasant_corner_grove, nicolae_shop_real_fake_doors,
          dilly_ecumenical_altar_fadedgnrine, chequers_decorated_corner,
          uniq_natasha
D:3:      layout_rooms
D:4:      layout_basic, portal_sewer_entry_e, st_stairs_3

Notes
Turn   | Place    | Note
-------+----------+-------------------------------------------
     0 | D:1      | kae the Demonspawn Transmuter began the quest for the Orb.
     0 | D:1      | Reached XP level 1. HP: 15/15 MP: 3/3
     0 | D:1      | magus.rc [v1.11.3]
   100 | D:1      | Reached skill level 2 in Transmutations
   200 | D:1      | Gained mutation: You have a small tail. [demonic ancestry]
   200 | D:1      | Reached XP level 2. HP: 16/21 MP: 3/5
   208 | D:1      | Learned a level 2 spell: Wereblood
   789 | D:1      | Reached skill level 3 in Unarmed Combat
   892 | D:1      | Gained mutation: Spells you cast may paralyse adjacent
                  | enemies. [demonic ancestry]
   892 | D:1      | Reached XP level 3. HP: 26/26 MP: 4/6
   896 | D:1      | Learned a level 3 spell: Spider Form
  1096 | D:2      | Found Xampuomm's Antique Armour Boutique.
  1252 | D:2      | You pick up a book of Lightning and begin reading...
  1252 | D:2      | You add the spells Vhi's Electric Charge, Arcjolt and
                  | Plasma Beam to your library.
  1388 | D:2      | Noticed Natasha
  1395 | D:2      | Killed Natasha
  1396 | D:2      | Reached skill level 3 in Transmutations
  1397 | D:2      | Reached XP level 4. HP: 32/32 MP: 7/7
  1793 | D:2      | Noticed Natasha
  1813 | D:2      | Killed Natasha
  1814 | D:2      | Reached skill level 1 in Poison Magic
  1937 | D:2      | You pick up a book of Debilitation and begin reading...
  1937 | D:2      | You add the spells Slow, Vampiric Draining and Confusing
                  | Touch to your library.
  2017 | D:2      | Found a faded altar of an unknown god.
  2038 | D:2      | Noticed Natasha
  2046 | D:2      | Killed Natasha
  2047 | D:2      | Reached XP level 5. HP: 31/37 MP: 6/9
  2084 | D:2      | Found Lehodwuidgh's Distillery.
  2150 | D:2      | Found Cairuuj's Jewellery Boutique.
  2347 | D:2      | Bought a potion of curing for 36 gold pieces
  2347 | D:2      | Bought a potion of heal wounds for 60 gold pieces
  2347 | D:2      | Bought 2 potions of degeneration for 24 gold pieces
  2642 | D:3      | Noticed a water moccasin
  2651 | D:3      | Reached skill level 3 in Spellcasting
  2656 | D:3      | Killed a water moccasin
  2657 | D:3      | Reached skill level 4 in Transmutations
  2657 | D:3      | Reached skill level 2 in Poison Magic
  2657 | D:3      | Gained mutation: A weak demonic guardian rushes to your
                  | aid. [demonic ancestry]
  2657 | D:3      | Reached XP level 6. HP: 43/43 MP: 9/11
  2666 | D:3      | Learned a level 4 spell: Ice Form
  2838 | D:3      | Identified the +5 sling of the Feeding Gods {speed, rN+
                  | rCorr}
  3030 | D:4      | HP: 10/43 [poisoned by a scorpion]
  3031 | D:3      | HP: 4/43 [poisoned by a scorpion]
  3178 | D:4      | Found a glowing drain.
  3192 | Sewer    | Entered a sewer
  3508 | Sewer    | Reached skill level 4 in Unarmed Combat
  3511 | Sewer    | Reached skill level 1 in Ice Magic
  3570 | Sewer    | You add the spells Sting, Poisonous Vapours and Olgreb's
                  | Toxic Radiance to your library.
  3825 | D:4      | Reached XP level 7. HP: 45/48 MP: 9/12
  4155 | D:4      | Reached skill level 5 in Transmutations
  4220 | D:4      | HP: 9/48 [acid (8)]
  4221 | D:4      | HP: 4/48 [acid (5)]
  4221 | D:4      | Splashed by a jelly's acid

Vanquished Creatures
  A water moccasin (D:3)
  3 scorpions (D:4)
  A sleepcap (D:4)
  An iguana (D:4)
  Natasha (thrice) (D:2)
  A sickly merfolk siren (Sewer)
  A malarious merfolk avatar (Sewer)
  6 adders
  A gnoll (D:4)
  A river rat (Sewer)
  A shadow imp (D:3)
  A worm (D:2)
  2 dart slugs
  3 orcs
  15 endoplasms
  8 giant cockroaches
  8 goblins
  8 hobgoblins
  3 jackals (D:4)
  9 kobolds
  4 quokkas
  8 ball pythons
  5 bats
  12 frilled lizards
  41 rats
147 creatures vanquished.

Table legend:
 A = Non-vault XP
 B = Vault XP
 C = Vault XP percentage of total XP
 D = Non-vault monster count
 E = Vault monster count
 F = Vault count percentage of total count
                 A         B        C        D         E       F
            +---------+---------+-------+---------+---------+-------
      Total |     659 |     311 |  32.1 |      83 |      64 |  43.5
            +---------+---------+-------+---------+---------+-------
        D:1 |      43 |       1 |   2.3 |      27 |       1 |   3.6
        D:2 |     145 |      61 |  29.6 |      23 |      16 |  41.0
        D:3 |     191 |       0 |   0.0 |      21 |       0 |   0.0
        D:4 |     280 |     108 |  27.8 |      12 |      10 |  45.5
      Sewer |       0 |     141 | 100.0 |       0 |      37 | 100.0
            +---------+---------+-------+---------+---------+-------

Skill      XL: |  1  2  3  4  5  6  7 |
---------------+----------------------+-----
Transmutations | 2 3 4 5 |  5.0
Unarmed Combat | 3 4 |  4.2
Poison Magic   | 1 2 |  2.0
Spellcasting   | 3 |  3.9
Ice Magic      | 1 |  1.6
Fighting       | |  1.0
Dodging        | |  1.7

Action                     |  1- 3 |  4- 6 |  7- 9 || total
---------------------------+-------+-------+-------++-------
  Melee: Unarmed           |    81 |   225 |    34 ||   340
         Kick              |    17 |    35 |       ||    52
         Tailslap          |    16 |    10 |     1 ||    27
         Headbutt          |     4 |     8 |       ||    12
   Cast: Beastly Appendage |    24 |    33 |       ||    57
         Spider Form       |       |     8 |     4 ||    12
         Wereblood         |       |     4 |       ||     4
         Ice Form          |       |     2 |     1 ||     3
Ability: End Transformatio |       |       |     1 ||     1
    Use: Scroll            |     2 |    10 |       ||    12
         Potion            |     1 |     2 |       ||     3
   Stab: Sleeping          |     1 |     3 |     1 ||     5
         Paralysed         |       |    12 |       ||    12
 Armour: Robe              |     9 |    26 |       ||    35
         Skin              |     5 |    15 |     1 ||    21
  Dodge: Dodged            |    58 |   113 |    20 ||   191
  Block: Other             |       |    26 |     7 ||    33

Illustrated notes

Table legend:
 A = Kills in this place as a percentage of kills in the entire game.
 B = Kills by you in this place as a percentage of kills by you in the entire game.
 C = Kills by friends in this place as a percentage of kills by friends in the entire game.
 D = Other kills in this place as a percentage of other kills in the entire game.
 E = Experience gained in this place as a percentage of experience gained in the entire game.
 F = Experience gained in this place divided by the number of levels of this place that you have seen.
                   A       B       C       D       E      F
               +-------+-------+-------+-------+-------+----------------------
         Total | 100.0 | 100.0 |   N/A |   N/A | 100.0 | 194.0
       Dungeon |  74.8 |  74.8 |   N/A |   N/A |  85.5 | 207.2
         Sewer |  25.2 |  25.2 |   N/A |   N/A |  14.5 | 141.0
               +-------+-------+-------+-------+-------+----------------------

Table legend: (Time is in decaauts)
 A = Elapsed time spent in this place.
 B = Non-inter-level travel time spent in this place.
 C = Inter-level travel time spent in this place.
 D = Time resting spent in this place.
 E = Time spent auto-exploring this place.
 F = Levels seen in this place.
 G = Mean time per level.
                   A        B        C        D        E       F      G
               +--------+--------+--------+--------+--------+-----+--------+
         Total |   4208 |   4074 |    134 |     91 |   2993 |   5 |  841.6 |
       Dungeon |   3724 |   3590 |    134 |     81 |   2748 |   4 |  931.0 |
         Sewer |    483 |    483 |      0 |     10 |    245 |   1 |  483.0 |
               +--------+--------+--------+--------+--------+-----+--------+

Top non-repeatable levels by time:
     D:2: 1376 daAuts
     D:1: 1063 daAuts
     D:3: 706 daAuts
     D:4: 577 daAuts
   Sewer: 483 daAuts
